 Dungeon Crawl Stone Soup version 0.20.1-1-g8b1a95d (webtiles) character file.

92 letownia2 the Grave Robber (level 4, -2/32 HPs)
             Began as a Deep Dwarf Necromancer on Nov 5, 2017.
             Slain by a hound (4 damage)
             ... on level 4 of the Dungeon.
             The game lasted 00:02:31 (760 turns).

letownia2 the Grave Robber (Deep Dwarf Necromancer)  Turns: 760, Time: 00:02:32

Health: -2/32      AC:  4    Str: 12    XL:     4   Next: 35%
Magic:  0/7        EV: 12    Int: 16    God:
Gold:   11         SH:  0    Dex: 13    Spells: 3/7 levels left

rFire    . . .     SeeInvis .   a - +0 short sword
rCold    . . .     Gourm    .   (no shield)
rNeg     . . .     Faith    .   f - +0 robe
rPois    .         Spirit   .   (no helmet)
rElec    .         Reflect  .   (no cloak)
rCorr    .         Harm     .   (no gloves)
MR       .....                  (no boots)
Stlth    ++........             (no amulet)
Regen    0.0/turn               (no ring)
MPRegen  0.1/turn               (no ring)

@: non-regenerating
A: damage resistance, heal wounds, iridescent scales 1, frail 1, sense
surroundings 1, evolution 1, subdued magic 1, no regeneration
a: Heal Wounds


You were on level 4 of the Dungeon.
You were not hungry.

You visited 1 branch of the dungeon, and saw 4 of its levels.

You collected 11 gold pieces.

Inventory:

Hand Weapons
 a - a +0 short sword (weapon)
Armour
 f - a +0 robe (worn)
Scrolls
 d - 4 scrolls of teleportation {unknown}
 e - a scroll of remove curse {unknown}
 g - 3 scrolls of identify {unknown}
 i - a scroll of fear {unknown}
Books
 b - a book of Necromancy

   Spells                             Type                      Level
   a - Pain                           Necromancy                   1
   b - Animate Skeleton               Necromancy                   1
   c - Vampiric Draining              Necromancy                   3
   d - Regeneration                   Charms/Necromancy            3
   e - Animate Dead                   Necromancy                   4
   f - Control Undead                 Necromancy                   4
Comestibles
 c - 2 bread rations


   Skills:
 - Level 2.1 Dodging
 - Level 2.4 Stealth
 - Level 2.0 Spellcasting
 + Level 6.3 Necromancy


You had 3 spell levels left.
You knew the following spells:

 Your Spells              Type           Power        Failure   Level  Hunger
a - Pain                  Necr           ###.         1%          1    #......
v - Vampiric Draining     Necr           ###.......   3%          3    ###....


Dungeon Overview and Level Annotations

Branches:
Dungeon (4/15)
 Temple: D:4-7

Altars:

Portals:
Sewer: D:4

Annotations:
D:4 exclusion: skeleton


Innate Abilities, Weirdness & Mutations

You are resistant to damage.
You can heal yourself by infusing magical energy.
You passively map a small area around you.
You do not regenerate.
You are partially covered in iridescent scales. (AC +2)
You are frail. (-10% HP)
You evolve.
Your spells are a little easier to cast, but a little less powerful.


Message History

Confirm with . or Enter, or press ? or * to list all spells.
Aiming: Pain
Press: ? - help, Shift-Dir - straight line, f - hound
Aim: a hound (chance to defeat MR: 86%)
The hound writhes in agony!
The hound bites you but does no damage. The hound bites you.
Unknown command.
Unknown command.
It was a potion of mutation.
You feel extremely strange.
Your connection to magic feels subdued.
You feel frail.
You feel nature experimenting on you.
Don't worry, failures die fast.
Iridescent scales grow over part of your body.
The hound bites you but does no damage.
You hit the hound.
The hound is moderately wounded.
The hound bites you. The hound bites you but does no damage.
You completely miss the hound.
The hound is moderately wounded.
The hound bites you.
You die...

, * , ,* *#.#
* , #.##.#
#.##.# *
#.##.# # *
#.##.# * *,#.
#.##.# * #.#.#
##.##.# ,
..#..##..##@#
,..........h.#
,
..#####..####
..#≈SS#..###
#.#≈≈S#....#
#.#≈∩S#.##.# *
#?#≈≈≈#.##.# ,
..#≈s≈#..#.#
#.##+##....#


You could see a hound and 4 adders.

Vanquished Creatures
  A hound (D:4)
  A bullfrog skeleton (D:4)
  2 adders
  A leopard gecko (D:3)
  A goblin (D:1)
  2 hobgoblins (D:1)
  5 jackals
  A quokka (D:4)
  A kobold (D:1)
  A rat (D:3)
16 creatures vanquished.

Notes
Turn   | Place    | Note
-------+----------+-------------------------------------------
     0 | D:1      | letownia2 the Deep Dwarf Necromancer began the quest for the Orb.
     0 | D:1      | Reached XP level 1. HP: 15/15 MP: 3/3
   282 | D:3      | Reached XP level 2. HP: 22/22 MP: 1/5
   386 | D:3      | Reached skill level 5 in Necromancy
   485 | D:4      | Found a glowing drain.
   539 | D:4      | Reached XP level 3. HP: 5/28 MP: 6/6
   544 | D:4      | Learned a level 3 spell: Vampiric Draining
   756 | D:4      | Reached skill level 6 in Necromancy
   756 | D:4      | Reached XP level 4. HP: 2/36 MP: 0/7
   758 | D:4      | Gained mutation: Your spells are a little easier to cast, but a little less powerful. [potion of mutation]
   758 | D:4      | Gained mutation: You are frail. (-10% HP) [potion of mutation]
   758 | D:4      | Gained mutation: You evolve. [potion of mutation]
   758 | D:4      | Gained mutation: You are partially covered in iridescent scales. (AC +2) [potion of mutation]
   760 | D:4      | Slain by a hound

Skill      XL: |  1  2  3 |
---------------+----------+-----
Spellcasting   | 2 |  2.0
Necromancy     | 5 6 |  6.3
Dodging        | |  2.1
Stealth        | |  2.4

Action                   |  1- 3 |  4- 6 || total
-------------------------+-------+-------++-------
Melee: Short sword       |    24 |     2 ||    26
 Cast: Pain              |    20 |     1 ||    21
       Vampiric Draining |     4 |       ||     4
  Use: Potion            |       |     1 ||     1
 Stab: Sleeping          |     2 |       ||     2
Armor: Robe              |     9 |     3 ||    12
Dodge: Dodged            |    18 |     1 ||    19
